 Dungeon Crawl Stone Soup version 0.32-a0-411-g744942f433 (webtiles) character file.

Game seed: 1342514279539275785

1354 zeratav the Cleaver (level 8, -2/66 (75) HPs)
             Began as a Minotaur Fighter on Feb 21, 2024.
             Was a Follower of Beogh.
             Slain by a wight
             ... wielding a +0 spear
              (3 damage)
             ... on level 6 of the Dungeon.
             The game lasted 00:05:31 (4233 turns).

zeratav the Cleaver (Minotaur Fighter)              Turns: 4233, Time: 00:05:31

HP:   -2/66 (75)    AC:  9    Str: 24    XL:     8   Next: 37%
MP:   7/7           EV:  9    Int:  5    God:    Beogh [*.....]
Gold: 218           SH:  4    Dex: 12    Spells: 7/7 levels left

rFire   . . .        a - +0 war axe {axe}
rCold   + . .        c - +0 buckler
rNeg    . . .        b - +0 scale mail
rPois   .            (helmet restricted)
rElec   .            (no cloak)
rCorr   +            r - +0 pair of gloves
SInv    .            y - +0 pair of boots
Will    .....        (no amulet) Stlth
                     o - ring "Noufikuttu" {rC+ Dex+3}
HPRegen 0.31/turn    p - ring of resist corrosion
MPRegen 0.10/turn

%: no passive effects
@: mighty, heavily drained
A: horns 2, retaliatory headbutt
a: Renounce Religion


You were on level 6 of the Dungeon.
You worshipped Beogh.
Beogh was aware of your devotion.
You visited 1 branch of the dungeon, and saw 6 of its levels.

You collected 262 gold pieces.
You spent 44 gold pieces at shops.


Innate Abilities, Weirdness & Mutations

You have a pair of horns on your head.
You reflexively headbutt those who attack you in melee.


   Skills:
 + Level 8.4 Fighting
 - Level 10.0 Axes
 - Level 3.6 Armour
 - Level 3.6 Shields


You had 7 spell levels left.
You didn't know any spells.
Your spell library contained the following spells:

 Spells                   Type           Power      Damage    Failure   Level
 Ensorcelled Hibernation  Hex/Ice        0%         N/A       93%         2
 Fugue of the Fallen      Necr           0%         N/A       99%         3
 Anguish                  Hex/Necr       0%         N/A       100%        4

Inventory:

Hand Weapons
 a - a +0 war axe (weapon) {axe}
Missiles
 s - 5 boomerangs (quivered) {throwing}
 v - 6 poisoned darts {throwing}
Armour
 b - a +0 scale mail (worn)
 c - a +0 buckler (worn)
 r - a +0 pair of gloves (worn)
   (You found it on level 3 of the Dungeon)
 y - a +0 pair of boots (worn)
   (You found it on level 5 of the Dungeon)
Jewellery
 f - a ring of magical power
   (You took it off a kobold on level 4 of the Dungeon)
 l - a +6 ring of intelligence
   (You found it on level 2 of the Dungeon)
 o - the ring "Noufikuttu" (left hand) {rC+ Dex+3}
   (You found it on level 3 of the Dungeon)

   [ring of protection from cold]

   Dex+3:     It affects your dexterity (+3).
   rC+:       It protects you from cold.
 p - a ring of resist corrosion (right hand)
   (You found it on level 3 of the Dungeon)
 t - a ring of flight
   (You found it on level 3 of the Dungeon)
 u - a ring of ice
   (You found it on level 4 of the Dungeon)
 z - a ring of positive energy
   (You found it on level 5 of the Dungeon)
Wands
 A - a wand of mindburst (5)
   (You found it on level 5 of the Dungeon)
 D - a wand of quicksilver (8)
   (You found it on level 6 of the Dungeon)
Scrolls
 e - a scroll of enchant weapon
 m - a scroll of fog
 n - a scroll of amnesia
 q - a scroll of revelation
 x - a scroll of teleportation {unknown}
Potions
 d - 2 potions of might
 g - a potion of lignification {unknown}
 h - a potion of haste {unknown}
 i - 3 potions of degeneration {unknown}
 j - 2 potions of curing {@q1}
 k - a potion of attraction {unknown}
 w - a potion of mutation {unknown}
 B - a potion of cancellation {unknown}
 C - a potion of magic {unknown}

Dungeon Overview and Level Annotations

Branches:
Dungeon (6/15) Zot: 26830
 Temple: D:4-7

Altars:
Elyvilon
Hepliaklqana
Uskayaw
Vehumet
Xom

Shops:
D:4

**
############........#
#....##..###
#.##.##### #.##..###
#.###...# . ###.#
###.#####. ### ##...#
#..##...
~~~..###).###
##....## ≈≈≈~..)@zz.#
###.... ~w≈~..oo##..#
#.... ≈≈≈~...## #..#
#.... ~~~...# #...
#.... #....# ##.#
...... .....
z..###.... .### .#
#.... #.... #>...


You could see an orc warrior, 2 wights, an orc wizard and a dart slug.


Message History

You hit the orc priest.
The orc priest hits you with a +0 hand axe of freezing.
HP[-1]
You take 1 damage, and now have 71/74 hp.
You barely miss the orc priest. Your headbutt misses the orc priest.
You slash the jelly!
Your hands burn!
The orc priest hits you but does no damage.
The jelly hits you but does no damage.
HP[-1]
You take 1 damage, and now have 70/74 hp.
You slice the jelly!!
You kill the jelly!
Beogh accepts your kill.
You hit the orc priest. You closely miss the orc warrior. You hit the wight.
The orc warrior hits you with a +0 mace.
The orc priest mumbles some strange prayers to Beogh against you.
You struggle to resist.
The wight hits you with a +2 battleaxe!
You feel drained.
Your Fighting skill increases to level 8!
HP[-17]
You now have 72 max hp (-2).
You take 17 damage, and now have 53/72 hp.
MASSIVE DAMAGE!! (PAUSE)
You slice the orc priest!!
You kill the orc priest!
Beogh accepts your kill.
Beogh appreciates your killing of a heretic priest.
You closely miss the orc warrior. You closely miss the wight.
You block the wight's attack.
HP[+1]
You now have 73 max hp (+1).
You slash the wight! You barely miss the orc warrior. You hit the wight.
You closely miss the orc wizard. The orc warrior barely misses you.
The orc wizard completely misses you. You furiously retaliate!
You headbutt the orc wizard, but do no damage.
The wight barely misses you. The wight closely misses you.
You hit the wight. You hit the orc warrior. You hit the wight but do no damage.
You hit the orc wizard.
The orc warrior hits you but does no damage.
The orc wizard casts a spell at you. You resist with some effort.
The wight barely misses you.
The wight hits you from afar with a +0 spear.
You feel drained.
The wight hits you with a +3 morningstar.
You feel drained. The dart slug launches a dart at you.
The slug dart hits you but does no damage.
HP[-5]
You now have 71 max hp (-2).
You take 5 damage, and now have 49/71 hp.
You closely miss the wight. You headbutt the wight. You slash the orc wizard!
You barely miss the orc warrior. You hit the wight.
The orc warrior hits you with a +0 mace!
You block the wight's attack.
The orc wizard hits you but does no damage.
The wight hits you with a +2 battleaxe!
* * * LOW HITPOINT WARNING * * *
You feel drained. The wight hits you but does no damage.
HP[-25]
You now have 68 max hp (-3).
You take 25 damage, and now have 24/68 hp.
MASSIVE DAMAGE!! (PAUSE)
You are too injured to fight recklessly!
You are too injured to fight recklessly!
You hit the orc wizard but do no damage.
You barely miss the orc warrior. You hit the wight.
You destroy the wight!
Beogh accepts your kill.
You barely miss the wight.
The orc warrior hits you but does no damage.
The orc wizard hits you with a +0 dagger.
* * * LOW HITPOINT WARNING * * *
The wight hits you from afar with a +0 spear.
* * * LOW HITPOINT WARNING * * *
You feel drained.
* * * LOW HITPOINT WARNING * * *
The wight hits you with a +3 morningstar.
* * * LOW HITPOINT WARNING * * *
HP[-16]
You now have 70 max hp (+2).
You take 16 damage, and now have 8/70 hp.
MASSIVE DAMAGE!! (PAUSE)
You feel very mighty all of a sudden.
The orc warrior hits you with a +0 mace.
* * * LOW HITPOINT WARNING * * *
The orc wizard hits you but does no damage.
The wight hits you from afar with a +0 spear.
* * * LOW HITPOINT WARNING * * *
You feel drained. The wight misses you. You furiously retaliate!
You headbutt the wight!
HP[-6]
You now have 68 max hp (-2).
You take 6 damage, and now have 2/68 hp.
You feel better. The orc warrior barely misses you.
The wight hits you with a +3 morningstar!
* * * LOW HITPOINT WARNING * * *
You feel drained.
The orc wizard hits you but does no damage.
The wight hits you from afar with a +0 spear.
You die...

Skill      XL: |  1  2  3  4  5  6  7  8 |
---------------+-------------------------+-----
Axes           | 3 4 7 9 10 | 10.0
Fighting       | 6 8 |  8.4
Armour         | |  3.6
Shields        | |  3.6

Action                     |  1- 3 |  4- 6 |  7- 9 || total
---------------------------+-------+-------+-------++-------
  Melee: War axe           |    50 |    97 |    97 ||   244
         Headbutt          |    10 |    11 |    19 ||    40
 Invoke: Convert to Beogh  |       |     1 |       ||     1
    Use: Scroll            |       |       |     4 ||     4
         Potion            |       |       |     2 ||     2
 Armour: Scale mail        |    34 |    69 |    86 ||   189
  Dodge: Dodged            |    19 |    33 |    38 ||    90
  Block: Buckler           |     5 |    18 |    14 ||    37

Levels and vault maps discovered:
D:1:      minmay_arrival_five_plusses, layout_basic
D:2:      layout_rooms, uniq_sigmund
D:3:      layout_rooms, gammafunk_temple_overflow_elements,
          nicolae_elyvilon_peaceful_grove
D:4:      layout_layer_cave, nicolae_specific_store, minmay_diced_spiral
D:5:      layout_gridville, lemuel_round_altar,
          nicolae_hepliaklqana_hippocampus, uniq_grinder
D:6:      layout_rooms, kennysheep_mini, kennysheep_slug_shrine,
          temple_fountains, st_stairs_1, uniq_crazy_yiuf_cottage

Notes
Turn   | Place    | Note
-------+----------+-------------------------------------------
     0 | D:1      | zeratav the Minotaur Fighter began the quest for the Orb.
     0 | D:1      | Reached XP level 1. HP: 19/19 MP: 0/0
     0 | D:1      | magus.rc [v1.9.6]
    58 | D:1      | Reached skill level 3 in Axes
    66 | D:1      | Reached XP level 2. HP: 26/26 MP: 1/1
   118 | D:1      | Reached skill level 4 in Axes
   195 | D:1      | Reached XP level 3. HP: 31/31 MP: 2/2
   667 | D:2      | Noticed Sigmund
   674 | D:2      | HP: 7/31 [Sigmund/+0 scythe (4)]
   676 | D:2      | Killed Sigmund
   677 | D:2      | Reached skill level 7 in Axes
   677 | D:2      | Reached XP level 4. HP: 10/39 MP: 3/3
   677 | D:2      | Reached XP level 5. HP: 11/45 MP: 4/4
  1238 | D:3      | You pick up a book of Dreams and begin reading...
  1238 | D:3      | You add the spells Ensorcelled Hibernation, Fugue of the
                  | Fallen and Anguish to your library.
  1335 | D:3      | Identified the ring "Noufikuttu" {rC+ Dex+3}
  1400 | D:3      | Reached XP level 6. HP: 51/51 MP: 5/5
  1572 | D:3      | Found a radiant altar of Vehumet.
  1572 | D:3      | Found a shimmering altar of Xom.
  1602 | D:3      | Found a white marble altar of Elyvilon.
  1689 | D:4      | Found Nymp's Specific Store.
  1691 | D:4      | Found Zomewunk's General Store.
  1696 | D:4      | Bought a potion of curing for 33 gold pieces
  1696 | D:4      | Bought a scroll of noise for 11 gold pieces
  1773 | D:4      | Reached skill level 8 in Axes
  1775 | D:4      | Became a worshipper of Beogh the Shepherd
  2142 | D:4      | Reached skill level 9 in Axes
  2307 | D:4      | Reached XP level 7. HP: 28/57 MP: 6/6
  2316 | D:4      | HP: 14/57 [poisoned by a scorpion]
  3091 | D:5      | Entered Level 5 of the Dungeon
  3092 | D:5      | Found a hide-covered altar of Uskayaw.
  3148 | D:5      | Reached skill level 10 in Axes
  3148 | D:5      | Reached skill level 4 in Fighting
  3301 | D:5      | Reached skill level 5 in Fighting
  3634 | D:5      | Noticed Grinder
  3645 | D:5      | Reached * piety under Beogh
  3652 | D:5      | Killed Grinder
  3653 | D:5      | Reached skill level 6 in Fighting
  3653 | D:5      | Reached XP level 8. HP: 50/71 MP: 7/7
  3746 | D:5      | Reached skill level 7 in Fighting
  3897 | D:5      | Found a hazy altar of Hepliaklqana.
  4227 | D:6      | Reached skill level 8 in Fighting
  4231 | D:6      | HP: 15/68 [wight/+0 spear (6)]
  4232 | D:6      | HP: 2/70 [wight/+0 spear (6)]
  4233 | D:6      | Slain by a wight

Vanquished Creatures
  Grinder (D:5)
  Sigmund (D:2)
  A water moccasin (D:5)
  A black bear (D:4)
  An ice beast (D:5)
  2 scorpions (D:4)
  A wight (D:6)
  A hound (D:6)
  3 jellies
  An orc priest (D:6)
  A sleepcap (D:6)
  2 iguanas
  An orc wizard (D:5)
  A gnoll (D:1)
  10 adders
  A white imp (D:5)
  2 ufetubi (D:5)
  3 ribbon worms
  2 dart slugs
  8 orcs
  5 ball pythons
  12 endoplasms
  4 giant cockroaches
  5 goblins
  7 hobgoblins
  5 jackals (D:1)
  2 quokkas
  2 frilled lizards
  8 kobolds
  6 rats
100 creatures vanquished.

Vanquished Creatures (others)
  A ball python (D:4)
1 creature vanquished.

Grand Total: 101 creatures vanquished

Table legend:
 A = Non-vault XP
 B = Vault XP
 C = Vault XP percentage of total XP
 D = Non-vault monster count
 E = Vault monster count
 F = Vault count percentage of total count
                 A         B        C        D         E       F
            +---------+---------+-------+---------+---------+-------
      Total |    1331 |     604 |  31.2 |      94 |       7 |   6.9
            +---------+---------+-------+---------+---------+-------
        D:1 |      64 |       0 |   0.0 |      18 |       0 |   0.0
        D:2 |      29 |     215 |  88.1 |       9 |       1 |  10.0
        D:3 |     104 |       0 |   0.0 |      22 |       0 |   0.0
        D:4 |     378 |     111 |  22.7 |      19 |       5 |  20.8
        D:5 |     477 |     278 |  36.8 |      19 |       1 |   5.0
        D:6 |     279 |       0 |   0.0 |       7 |       0 |   0.0
            +---------+---------+-------+---------+---------+-------

Skill      XL: |  1  2  3  4  5  6  7  8 |
---------------+-------------------------+-----
Axes           | 3 4 7 9 10 | 10.0
Fighting       | 6 8 |  8.4
Armour         | |  3.6
Shields        | |  3.6

Action                     |  1- 3 |  4- 6 |  7- 9 || total
---------------------------+-------+-------+-------++-------
  Melee: War axe           |    50 |    97 |    97 ||   244
         Headbutt          |    10 |    11 |    19 ||    40
 Invoke: Convert to Beogh  |       |     1 |       ||     1
    Use: Scroll            |       |       |     4 ||     4
         Potion            |       |       |     2 ||     2
 Armour: Scale mail        |    34 |    69 |    86 ||   189
  Dodge: Dodged            |    19 |    33 |    38 ||    90
  Block: Buckler           |     5 |    18 |    14 ||    37

Illustrated notes

Table legend:
 A = Kills in this place as a percentage of kills in the entire game.
 B = Kills by you in this place as a percentage of kills by you in the entire game.
 C = Kills by friends in this place as a percentage of kills by friends in the entire game.
 D = Other kills in this place as a percentage of other kills in the entire game.
 E = Experience gained in this place as a percentage of experience gained in the entire game.
 F = Experience gained in this place divided by the number of levels of this place that you have seen.
                   A       B       C       D       E      F
               +-------+-------+-------+-------+-------+----------------------
         Total | 100.0 | 100.0 |   N/A | 100.0 | 100.0 | 322.5
       Dungeon | 100.0 | 100.0 |   N/A | 100.0 | 100.0 | 322.5
               +-------+-------+-------+-------+-------+----------------------

Table legend: (Time is in decaauts)
 A = Elapsed time spent in this place.
 B = Non-inter-level travel time spent in this place.
 C = Inter-level travel time spent in this place.
 D = Time resting spent in this place.
 E = Time spent auto-exploring this place.
 F = Levels seen in this place.
 G = Mean time per level.
                   A        B        C        D        E       F      G
               +--------+--------+--------+--------+--------+-----+--------+
         Total |   4263 |   4114 |    149 |    275 |   3239 |   6 |  710.5 |
       Dungeon |   4263 |   4114 |    149 |    275 |   3239 |   6 |  710.5 |
               +--------+--------+--------+--------+--------+-----+--------+

Top non-repeatable levels by time:
     D:4: 1428 daAuts
     D:5: 975 daAuts
     D:1: 640 daAuts
     D:2: 590 daAuts
     D:3: 459 daAuts
     D:6: 168 daAuts
